 Dungeon Crawl Stone Soup version 0.31-a0-1308-ga3cce3a448 (webtiles) character file.

Game seed: 11929776415906463622

12 kae the Vexing (level 2, 16/20 HPs)
             Began as a Demonspawn Enchanter on Dec 19, 2023.
             Quit the game on level 1 of the Dungeon.
             The game lasted 00:00:16 (383 turns).

kae the Vexing (Demonspawn Enchanter)                Turns: 383, Time: 00:00:16

Health: 16/20      AC:  2    Str:  8    XL:     2   Next: 20%
Magic:  5/5        EV: 12    Int: 15    God:
Gold:   49         SH:  0    Dex: 13    Spells: 3/5 levels left

rFire   . . .        a - +1 dagger
rCold   . . .        (no shield)
rNeg    . . .        b - +0 robe
rPois   .            (no helmet)
rElec   .            (no cloak)
rCorr   .            (no gloves)
SInv    .            (no boots)
Will    .....        (no amulet)
Stlth   ++           (no ring)
HPRegen 0.23/turn    (no ring)
MPRegen 0.09/turn

%: no passive effects
@: no status effects
A: demonic guardian 1
a: no special abilities


You were on level 1 of the Dungeon.
You visited 1 branch of the dungeon, and saw 1 of its levels.

You collected 49 gold pieces.


Innate Abilities, Weirdness & Mutations

A weak demonic guardian rushes to your aid.


   Skills:
 + Level 0.3 Fighting
 * Level 1.2 Short Blades
 - Level 1.7 Dodging
 * Level 2.9 Stealth
 + Level 2.1 Spellcasting
 + Level 3.1 Hexes
 * Level 0.0 Ice Magic


You had 3 spell levels left.
You knew the following spells:

 Your Spells              Type           Power      Damage    Failure   Level
a - Ensorcelled Hibernat  Hex/Ice        12%        N/A       17%         2

Your spell library contained the following spells:

 Spells                   Type           Power      Damage    Failure   Level
 Confusing Touch          Hex            10%        N/A       19%         3
 Tukima's Dance           Hex            10%        N/A       19%         3
 Dazzling Flash           Conj/Hex       12%        N/A       34%         3

Inventory:

Hand Weapons
 a - a +1 dagger (weapon)
Missiles
 d - a stone
Armour
 b - a +0 robe (worn)
Scrolls
 e - 3 scrolls of fog {unknown}
 f - a scroll of identify {unknown}
 h - a scroll of torment {unknown}
Potions
 c - 2 potions of invisibility
 g - a potion of cancellation {unknown}

Dungeon Overview and Level Annotations

Branches:
Dungeon (1/15) Zot: 5618

Altars:

###..#...≈...#.#...#
.....#.⌠.≈.⌠.#.#####
#....#...≈...#.#
#....###...###.#
.......##∩## #.#
#....)..#.# #.#
#.......#.####.#
#...........##.#######
#######...#...[.@†...#
##.#####..5K......
#........####.###
########.# # #.# #.#
#.# ..#


You could see a kobold (ally target) and a friendly shadow imp (summoned).


Message History

You now have 34 gold pieces (gained 5).
e - 3 scrolls labelled DUVVOU BADWOIH 😎 HP[+1]
Your hp is fully restored (13).
No target in view!
No target in view!
f - a scroll labelled QOM FOSYAPNAIR OJI No target in view!
No target in view!
g - an inky potion No target in view!
No target in view!
h - a scroll labelled HETYSA NOLL No target in view!
No target in view!
A frilled lizard comes into view.
A frilled lizard is nearby!
A frilled lizard is nearby!
The helpless frilled lizard fails to defend itself.
You puncture the frilled lizard!
You kill the frilled lizard!
You have reached level 2!
Your demonic ancestry asserts itself...
You feel the presence of a demonic guardian. 😎 HP[+6] MP[+2]
You now have 19 max hp (+6).
Your hp is fully restored (19).
Your mp is fully restored (5).
You start memorising the spell.
You continue memorising. x2
You finish memorising.
Spell assigned to 'a'.
A frilled lizard and an endoplasm come into view.
There are monsters nearby!
The endoplasm quivers.
The frilled lizard closely misses you.
You miss the frilled lizard. The frilled lizard bites you.
A demonic guardian appears!
There are monsters nearby! 😕 HP[-3]
You take 3 damage, and now have 16/19 hp.
There are monsters nearby!
You barely miss the frilled lizard.
Your ufetubus slips past the frilled lizard!
Your ufetubus barely misses the frilled lizard.
Your ufetubus hits the frilled lizard. The frilled lizard barely misses you.
You hit the frilled lizard.
You kill the frilled lizard!
Your ufetubus hits the endoplasm. x2
The endoplasm freezes you.
You are frozen.
A demonic guardian appears!
An endoplasm is nearby!
You hit the endoplasm.
You kill the endoplasm!
No target in view! 😮 HP[-1]
You now have 20 max hp (+1).
You now have 49 gold pieces (gained 15).
Your ufetubus disappears in a puff of smoke!
Your shadow imp disappears in a puff of smoke!
Key pressed, stopping explore.
No target in view!
No target in view! 😎 HP[+5]
Your hp is fully restored (20).
A kobold comes into view. It is wielding a +0 short sword.
The kobold shouts!
A kobold is nearby!
You hit the kobold.
A kobold is nearby!
You barely miss the kobold. The kobold closely misses you.
You hit the kobold.
You kill the kobold!
Things that are here:
a +0 short sword; a kobold corpse A hobgoblin comes into view.
The hobgoblin shouts!
You hear a shout!
The hobgoblin closely misses you.
A hobgoblin is nearby!
You completely miss the hobgoblin.
A kobold comes into view. It is wielding a +0 club.
The hobgoblin barely misses you.
You closely miss the hobgoblin. The hobgoblin hits you.
There are monsters nearby! 😕 HP[-1]
You take 1 damage, and now have 19/20 hp.
You closely miss the hobgoblin. The hobgoblin barely misses you.
You hit the hobgoblin. The hobgoblin closely misses you.
You hit the hobgoblin but do no damage. The kobold closely misses you.
The hobgoblin hits you.
You hit the hobgoblin.
You kill the hobgoblin!
The kobold closely misses you. 😕 HP[-2]
You take 2 damage, and now have 17/20 hp.
You closely miss the kobold. The kobold barely misses you.
You closely miss the kobold. The kobold misses you.
You barely miss the kobold. The kobold hits you with a +0 club.
A demonic guardian appears!
You barely miss the kobold.
The kobold hits you but does no damage. 😕 HP[-1]
You take 1 damage, and now have 16/20 hp.
Are you sure you want to abandon this character and quit the game? (Confirm with "yes".)

Skill      XL: |  1 |
---------------+----+-----
Short Blades   | 1 |  1.2
Fighting       | |  0.3
Dodging        | |  1.7
Stealth        | |  2.9
Spellcasting   | |  2.1
Hexes          | |  3.1

Action                     || total
---------------------------++-------
  Melee: Dagger            ||    36
   Stab: Sleeping          ||     2
 Armour: Robe              ||    13
  Dodge: Dodged            ||    18

Levels and vault maps discovered:
D:1:      mainiacjoe_arrival_reflecting_pool, layout_loops_ring

Notes
Turn   | Place    | Note
-------+----------+-------------------------------------------
     0 | D:1      | kae the Demonspawn Enchanter began the quest for the Orb.
     0 | D:1      | Reached XP level 1. HP: 13/13 MP: 3/3
     0 | D:1      | magus.rc [v1.11.3]
    28 | D:1      | Reached skill level 1 in Short Blades
   267 | D:1      | Gained mutation: A weak demonic guardian rushes to your
                  | aid. [demonic ancestry]
   267 | D:1      | Reached XP level 2. HP: 19/19 MP: 5/5
   270 | D:1      | Learned a level 2 spell: Ensorcelled Hibernation
   383 | D:1      | Quit the game

Vanquished Creatures
  A dart slug (D:1)
  2 endoplasms (D:1)
  A goblin (D:1)
  A hobgoblin (D:1)
  A ball python (D:1)
  2 frilled lizards (D:1)
  2 kobolds (D:1)
  A rat (D:1)
11 creatures vanquished.

Table legend:
 A = Non-vault XP
 B = Vault XP
 C = Vault XP percentage of total XP
 D = Non-vault monster count
 E = Vault monster count
 F = Vault count percentage of total count
                 A         B        C        D         E       F
            +---------+---------+-------+---------+---------+-------
      Total |      18 |       0 |   0.0 |      11 |       0 |   0.0
            +---------+---------+-------+---------+---------+-------
        D:1 |      18 |       0 |   0.0 |      11 |       0 |   0.0
            +---------+---------+-------+---------+---------+-------

Skill      XL: |  1 |
---------------+----+-----
Short Blades   | 1 |  1.2
Fighting       | |  0.3
Dodging        | |  1.7
Stealth        | |  2.9
Spellcasting   | |  2.1
Hexes          | |  3.1

Action                     || total
---------------------------++-------
  Melee: Dagger            ||    36
   Stab: Sleeping          ||     2
 Armour: Robe              ||    13
  Dodge: Dodged            ||    18

Illustrated notes

Table legend:
 A = Kills in this place as a percentage of kills in the entire game.
 B = Kills by you in this place as a percentage of kills by you in the entire game.
 C = Kills by friends in this place as a percentage of kills by friends in the entire game.
 D = Other kills in this place as a percentage of other kills in the entire game.
 E = Experience gained in this place as a percentage of experience gained in the entire game.
 F = Experience gained in this place divided by the number of levels of this place that you have seen.
                   A       B       C       D       E      F
               +-------+-------+-------+-------+-------+----------------------
         Total | 100.0 | 100.0 |   N/A |   N/A | 100.0 |  18.0
       Dungeon | 100.0 | 100.0 |   N/A |   N/A | 100.0 |  18.0
               +-------+-------+-------+-------+-------+----------------------

Table legend: (Time is in decaauts)
 A = Elapsed time spent in this place.
 B = Non-inter-level travel time spent in this place.
 C = Inter-level travel time spent in this place.
 D = Time resting spent in this place.
 E = Time spent auto-exploring this place.
 F = Levels seen in this place.
 G = Mean time per level.
                   A        B        C        D        E       F      G
               +--------+--------+--------+--------+--------+-----+--------+
         Total |    381 |    381 |      0 |     26 |    280 |   1 |  381.0 |
       Dungeon |    381 |    381 |      0 |     26 |    280 |   1 |  381.0 |
               +--------+--------+--------+--------+--------+-----+--------+

Top non-repeatable levels by time:
     D:1: 381 daAuts
